 Dungeon Crawl Stone Soup version 0.29.1-1-gd02db6906a (webtiles) character file.

Game seed: 450269527053879625

2399 anonymouscript the Thaumaturge (level 9, -3/62 HPs)
             Began as a Djinni Fire Elementalist on Oct 4, 2022.
             Was a Believer of Elyvilon.
             Shot with a sling bullet by Joseph (7 damage)
             ... on level 7 of the Dungeon on Oct 6, 2022.
             The game lasted 00:23:12 (6458 turns).

anonymouscript the Thaumaturge (DjFE)               Turns: 6458, Time: 00:23:12

Health: -3/62      AC:  3    Str:  7    XL:     9   Next: 75%
Gold:   336        EV: 13    Int: 19    God:    Elyvilon [**....] SH:  0 Dex: 16

rFire   + + +      SeeInvis .   (no weapon)
rCold   x . .      Faith    .   (no shield)
rNeg    . . .      Spirit   .   a - +0 robe
rPois   ∞          Reflect  .   (no helmet)
rElec   .          Harm     .   (no cloak)
rCorr   .          Rampage  .   N - +0 pair of gloves
Will    +....                   (boots unavailable)
Stlth   ++........              r - amulet of regeneration
HPRegen 1.00/turn               i - ring of willpower
MPRegen 0.00/turn               B - ring of protection from fire

@: flying
A: sickness immunity, fire resistance 2, cold vulnerability 1, float, innate
caster, HP casting, extra vitality 1
a: Renounce Religion, Purification, Heal Other


You were on level 7 of the Dungeon.
You worshipped Elyvilon.
Elyvilon was pleased with you.
You visited 2 branches of the dungeon, and saw 8 of its levels.
You also visited: Ossuary.

You collected 336 gold pieces.

Inventory:

Hand Weapons
 l - a +0 dagger
 v - a +0 flail of protection
 A - a +2 whip of electrocution
 D - the +4 rapier of Reinforcement {drain, Str+4}
   (You found it on level 4 of the Dungeon)

   A truly terrible weapon, it drains the life of any living foe it strikes.
   Str:       It affects your strength (+4).
   Elyvilon disapproves of the use of such an item.
Missiles
 j - 56 stones
 F - 4 boomerangs
 L - 10 poisoned darts
 P - 3 curare-tipped darts
Armour
 a - a +0 robe (worn)
 c - an orb of guile
 p - a +2 tower shield of reflection
 M - a +0 ring mail
 N - a +0 pair of gloves (worn)
Jewellery
 i - a ring of willpower (left hand)
 r - an amulet of regeneration (around neck)
 t - a +6 ring of strength
 B - a ring of protection from fire (right hand)
 H - an amulet of the acrobat
Wands
 b - a wand of digging (1)
 O - a wand of roots (9)
Scrolls
 e - 4 scrolls of immolation
 h - 2 scrolls of poison {unknown}
 o - a scroll of acquirement {unknown}
 s - 2 scrolls of teleportation {unknown}
 u - a scroll of enchant weapon {unknown}
 w - 3 scrolls of noise {unknown}
 x - 3 scrolls of fear
 y - 2 scrolls of blinking {unknown}
 z - 2 scrolls of vulnerability {unknown}
 C - 3 scrolls of silence {unknown}
 J - a scroll of torment {unknown}
 R - a scroll of magic mapping {unknown}
Potions
 d - 7 potions of curing
 f - a potion of degeneration {unknown}
 g - 3 potions of brilliance
 k - 2 potions of berserk rage
 m - 3 potions of might {unknown}
 n - 2 potions of heal wounds {unknown}
 q - a potion of haste {unknown}
 E - a potion of invisibility {unknown}
 G - 3 potions of mutation
 I - a potion of attraction {unknown}
 K - 2 potions of lignification {unknown}


   Skills:
 * Level 4.0 Fighting
 + Level 2.6 Dodging
 + Level 2.8 Stealth
 + Level 9.1 Spellcasting


You had 3 spell levels left.
You knew the following spells:

 Your Spells              Type           Power      Damage    Failure   Level
a - Foxfire               Conj/Fire      100%       2x1d9     1%          1
b - Scorch                Fire           86%        2d9       1%          2
c - Conjure Flame         Conj/Fire      43%        6-21      1%          3
d - Inner Flame           Hex/Fire       43%        N/A       1%          3
e - Flame Wave            Conj/Fire      43%        2d11      1%          4
f - Sandblast             Erth           86%        2d18      1%          1
g - Passwall              Tmut/Erth      35%        N/A       1%          2
h - Frozen Ramparts       Ice            86%        1d13      1%          3
i - Petrify               Tmut/Erth      43%        N/A       1%          4
Your spell library was empty.

Dungeon Overview and Level Annotations

Branches:
Dungeon (7/15)             Temple (1/1) D:4         Ossuary (visited)

Altars:
Ashenzari
Cheibriados
Dithmenos
Elyvilon
Gozag
Makhleb
Nemelex Xobeh
Okawaru
Qazlal
Ru
Trog
Uskayaw
Wu Jian
Xom
Yredelemnul
Zin
The Shining One

Annotations:
D:6 2 transporters, safid's ghost, novice MiHu
D:7 Joseph


Innate Abilities, Weirdness & Mutations

You are immune to sickness and miasma.
You are immune to poison.
Your flesh is very heat resistant. (rF++)
You are vulnerable to cold. (rC-)
You float through the air rather than walking.
You learn spells naturally, not from books.
Your magical power is your life essence.
You have superior vitality. (+4 MHP)


Message History

Your Fighting skill increases to level 4!
Casting: Inner Flame (safe; 1% risk of failure)
Confirm with . or Enter, or press ? or * to list all spells.
Aiming: Inner Flame (safe; 1% risk of failure)
Press: ? - help, Dir - move target, f - Joseph
Aim: Joseph, wielding a +0 sling and wearing a +0 ring mail (lightly wounded, chance to affect: 80%) Joseph barely resists.
Joseph shoots a sling bullet.
The sling bullet hits you!
You hear a shout!
Casting: Inner Flame (safe; 1% risk of failure)
Confirm with . or Enter, or press ? or * to list all spells.
Aiming: Inner Flame (safe; 1% risk of failure)
Press: ? - help, Dir - move target, f/p - Joseph
Aim: Joseph, wielding a +0 sling and wearing a +0 ring mail (lightly wounded, chance to affect: 80%) Joseph is filled with an inner flame.
An orc comes into view. It is wielding a +0 dagger.
Joseph shoots a sling bullet.
The sling bullet hits you!
The orc warrior shoots a bolt.
The bolt misses you.
You hear a shout!
An orc wizard comes into view. It is wielding a +0 dagger.
An orc priest comes into view. It is wielding a +0 club.
Found a spear.
A sky beast comes into view.
Joseph is engulfed in blazing flames.
Flame seeps out of Joseph.
Joseph shoots a sling bullet.
The sling bullet hits you!
* * * LOW HITPOINT WARNING * * *
You see here a +0 club.
Joseph is engulfed in blazing flames.
Flame seeps out of Joseph.
The orc warrior shoots a bolt.
The bolt barely misses you.
The orc wizard mumbles some strange words.
The orc wizard flickers and vanishes!
Deactivating autopickup; reactivate with Ctrl-A.
Joseph shoots a sling bullet.
The sling bullet hits you!
* * * LOW HITPOINT WARNING * * *
The orc warrior shoots a bolt.
The bolt hits you!! Elyvilon protects you from harm!
You feel better.
The orc warrior shoots a bolt.
The bolt hits you!
* * * LOW HITPOINT WARNING * * *
Joseph says, "I'm here to kill trespassers.
I like my job."
Joseph shoots a sling bullet.
The sling bullet hits you!
You die...

..........# . #
#[........# .
..##.........####
#
.......o§☼.....)
###
#.....o○@....#
..# #......§..#
#.# #.$.....# #.#
#..).## ..#
##...@# ..##
##..#..Y.# ...#
#...####....#
...# ##)#.# ##..
##.# ####..."#
...#####....#.##
#........####.#
...####### #.#
##..## #.#


You could see Joseph (inner flame), an orc warrior, a sky beast and an orc
priest.

Vanquished Creatures
  Sigmund (D:3)
  Menkaure (Ossuary)
  2 water moccasins (D:7)
  Duvessa (D:6)
  A sky beast (D:6)
  A black bear (D:5)
  An ice beast (D:5)
  A centaur (D:5)
  3 ogres
  Blork the orc (D:6)
  2 scorpions (D:5)
  Dowan (D:6)
  2 electric eels (D:6)
  2 orc priests (D:5)
  A gnoll bouda (D:6)
  4 hounds
  2 jellies
  2 iguanas
  3 orc wizards (D:5)
  3 mummies (Ossuary)
  Robin (D:4)
  15 gnolls
  17 adders
  3 worms (D:2)
  3 dart slugs
  9 orcs
  6 ball pythons
  3 bats
  4 endoplasms
  2 giant cockroaches
  4 gnoll zombies (Ossuary)
  9 hobgoblins
  6 kobolds
  5 quokkas
  5 frilled lizards
  3 gnoll skeletons (Ossuary)
  16 goblins
  3 goblin skeletons (Ossuary)
  8 goblin zombies (Ossuary)
  6 hobgoblin skeletons (Ossuary)
  6 hobgoblin zombies (Ossuary)
  2 kobold skeletons (Ossuary)
  A kobold zombie (Ossuary)
  5 orc skeletons (Ossuary)
  An orc zombie (Ossuary)
  6 rats
  6 rat skeletons (Ossuary)
  5 rat zombies (Ossuary)
  A butterfly (D:4)
196 creatures vanquished.

Vanquished Creatures (others)
  407 foxfires
407 creatures vanquished.

Grand Total: 603 creatures vanquished

Notes
Turn   | Place    | Note
-------+----------+-------------------------------------------
     0 | D:1      | anonymouscript the Djinni Fire Elementalist began the quest
                  | for the Orb.
     0 | D:1      | anonymouscript set off with the following spells memorised:
                  | Foxfire, Scorch, Conjure Flame, Inner Flame, Flame Wave.
     0 | D:1      | Reached XP level 1. HP: 15/15 MP: 0/0
   147 | D:1      | Reached XP level 2. HP: 17/21 MP: 0/0
   955 | D:1      | Reached skill level 3 in Spellcasting
   955 | D:1      | Reached XP level 3. HP: 22/25 MP: 0/0
   955 | D:1      | Learned a level 1 spell: Sandblast
  1241 | D:1      | You are sucked into a shaft and drop 1 floor!
  1588 | D:2      | Reached XP level 4. HP: 26/31 MP: 0/0
  2549 | D:3      | Reached XP level 5. HP: 29/35 MP: 0/0
  2549 | D:3      | Learned a level 2 spell: Passwall
  2625 | D:3      | Found a burning altar of Makhleb.
  2676 | D:3      | Reached skill level 4 in Spellcasting
  3080 | D:3      | Noticed Sigmund
  3089 | D:3      | Killed Sigmund
  3090 | D:3      | Reached skill level 5 in Spellcasting
  3090 | D:3      | Reached XP level 6. HP: 33/40 MP: 0/0
  3671 | D:4      | Found a stormy altar of Qazlal.
  3671 | D:4      | Found a snail-covered altar of Cheibriados.
  3679 | D:4      | Reached XP level 7. HP: 37/45 MP: 0/0
  3679 | D:4      | Learned a level 3 spell: Frozen Ramparts
  4096 | D:4      | Identified the +4 rapier of Reinforcement {drain, Str+4}
  4170 | D:4      | Found a staircase to the Ecumenical Temple.
  4197 | D:4      | Noticed Robin
  4214 | D:4      | Killed Robin
  4269 | Temple   | Entered the Ecumenical Temple
  4288 | Temple   | Became a worshipper of Elyvilon the Healer
  4371 | D:4      | Found a sparkling altar of Nemelex Xobeh.
  4382 | D:5      | Entered Level 5 of the Dungeon
  4394 | D:5      | Reached skill level 1 in Fighting
  4394 | D:5      | Reached skill level 6 in Spellcasting
  4442 | D:5      | Reached XP level 8. HP: 51/52 MP: 0/0
  4657 | D:5      | Found a shadowy altar of Dithmenos.
  4658 | D:5      | Reached skill level 7 in Spellcasting
  4954 | D:5      | Reached * piety under Elyvilon
  5158 | D:6      | Reached XP level 9. HP: 60/60 MP: 0/0
  5158 | D:6      | Learned a level 4 spell: Petrify
  5204 | D:6      | Found a transporter.
  5208 | D:6      | Found a transporter.
  5209 | D:6      | Noticed safid's ghost (novice MiHu)
  5210 | D:6      | Noticed a queen bee
  5228 | D:6      | Found an iron altar of Okawaru.
  5272 | D:6      | Noticed Blork the orc
  5286 | D:6      | Found a hide-covered altar of Uskayaw.
  5303 | D:6      | Killed Blork the orc
  5357 | D:6      | Reached skill level 8 in Spellcasting
  5420 | D:6      | Found an opulent altar of Gozag.
  5420 | D:6      | Reached ** piety under Elyvilon
  5506 | D:6      | Noticed Duvessa
  5510 | D:6      | Noticed Dowan
  5516 | D:6      | Killed Duvessa
  5527 | D:6      | Killed Dowan
  5568 | D:6      | Found a glowing silver altar of Zin.
  5952 | D:7      | Found a sand-covered staircase.
  5965 | Ossuary  | Entered an ossuary
  6296 | Ossuary  | Noticed Menkaure
  6302 | Ossuary  | Killed Menkaure
  6388 | D:7      | Found a bloodstained altar of Trog.
  6392 | D:7      | Found a glowing golden altar of the Shining One.
  6393 | D:7      | Found a sacrificial altar of Ru.
  6394 | D:7      | Found a shimmering altar of Xom.
  6437 | D:7      | Reached skill level 9 in Spellcasting
  6447 | D:7      | Noticed Joseph
  6457 | D:7      | Elyvilon protects you from harm!
  6458 | D:7      | Shot with a sling bullet by Joseph

Illustrated notes

Levels and vault maps discovered:
D:1:      sevenhm_arrival_forest_fort_large_3, layout_basic,
          nrook_mini_backslash, minmay_misc_feat_chi
D:2:      layout_loops_ring, basic_altar, minmay_misc_feat_ornament
D:3:      layout_basic, lemuel_doored_altar, bloody_makhleb,
          nicolae_underground_beach, uniq_sigmund
D:4:      layout_rooms, marbit_many_paths, grunt_temple_overflow_open,
          minmay_temple_entry_butterflies, uniq_robin
D:5:      layout_loops_ring, grunt_dithmenos_smoke_and_mirrors,
          kennysheep_generic_room_5
D:6:      layout_basic, pdpol_temple_overflow_zin_treasury_gozag_greed,
          lemuel_crystal_altar, lemuel_tele_altar, gammafunk_ghost_hive,
          minivault_4, minmay_misc_feat_doors, hangedman_decor_points,
          corexii_shack, uniq_blork_the_orc, uniq_duvessa,
          uniq_crazy_yiuf_cottage, uniq_edmund
D:7:      layout_rooms, mainiacjoe_overflow_alcove_3,
          nicolae_ossuary_entry_ruins, uniq_joseph
Temple:   hellmonk_temple_micro_hex

Skill      XL: |  1  2  3  4  5  6  7  8  9 |
---------------+----------------------------+-----
Spellcasting   | 3 5 6 7 9 |  9.1
Stealth        | 2 |  2.8
Fighting       | 1 3 4 |  4.0
Dodging        | |  2.6

Action                   |  1- 3 |  4- 6 |  7- 9 || total
-------------------------+-------+-------+-------++-------
 Cast: Foxfire           |    60 |    52 |   147 ||   259
       Scorch            |     1 |    11 |    96 ||   108
       Sandblast         |       |     8 |     3 ||    11
       Conjure Flame     |       |     2 |     6 ||     8
       Flame Wave        |       |       |     3 ||     3
       Frozen Ramparts   |       |       |     2 ||     2
       Inner Flame       |       |       |    12 ||    12
       Petrify           |       |       |     1 ||     1
  Use: Scroll            |       |       |     8 ||     8
       Potion            |       |       |     1 ||     1
Armor: Robe              |       |     1 |     3 ||     4
Dodge: Dodged            |       |     5 |    21 ||    26
